 Dungeon Crawl Stone Soup version 0.26.1-11-gd32895ea62 (webtiles) character file.

Game seed: 4482206138935267962

2592 jlumianski the Magician (level 9, -5/71 HPs)
             Began as a Gnoll Warper on June 2, 2021.
             Was a Priest of Okawaru.
             Slain by a two-headed ogre
             ... wielding a +0 giant club
              (27 damage)
             ... on level 8 of the Dungeon.
             The game lasted 01:00:15 (8555 turns).

jlumianski the Magician (Gnoll Warper)              Turns: 8555, Time: 01:00:15

Health: -5/71      AC:  6    Str: 16    XL:     9   Next: 58%
Magic:  2/19       EV: 15    Int: 19    God:    Okawaru [***...]
Gold:   606        SH:  5    Dex: 16    Spells: 11/21 levels left

rFire    . . .     SeeInvis +   G - +0 scimitar
rCold    . . .     Faith    .   o - +0 buckler
rNeg     . . .     Spirit   .   C - +0 ring mail
rPois    .         Reflect  .   (no helmet)
rElec    .         Harm     .   (no cloak)
rCorr    .         Rampage  .   (no gloves)
Will     .....                  (no boots)
Stlth    ++........             x - amulet of regeneration
HPRegen  0.61/turn              M - ring of see invisible
MPRegen  0.16/turn              (no ring)

@: wereblooded
A: distributed training, fangs 1, clever 1, strong 1, strong nose
a: Renounce Religion, Heroism


You were on level 8 of the Dungeon.
You worshipped Okawaru.
Okawaru was most pleased with you.
You visited 1 branch of the dungeon, and saw 8 of its levels.

You collected 606 gold pieces.

Inventory:

Hand Weapons
 a - a +1 hand axe
 y - a +0 hunting sling
 B - a +0 vampiric dagger
 D - a +3 flail
 G - a +0 scimitar (weapon)
 K - a +1 flail of holy wrath
Missiles
 e - 5 boomerangs of dispersal
 i - 144 stones
 A - 15 poisoned darts
 F - 7 javelins
 J - 3 silver boomerangs
 Q - 5 boomerangs (quivered)
Armour
 b - a +0 leather armour
 o - a +0 buckler (worn)
 C - a +0 ring mail (worn)
 E - a +0 chain mail
Jewellery
 k - a cursed -4 ring of slaying
 x - an amulet of regeneration (around neck)
 L - an uncursed amulet of the acrobat
 M - a ring of see invisible (left hand)
Wands
 z - a wand of flame (9)
 O - a wand of random effects (24)
Scrolls
 c - 8 scrolls of identify
 d - 3 scrolls of blinking
 g - 2 scrolls of enchant weapon
 h - 6 scrolls of teleportation
 j - a scroll of random uselessness {unknown}
 l - 2 scrolls of amnesia
 s - a scroll of noise {unknown}
 t - 8 scrolls of remove curse {unknown}
 u - a scroll of fog {unknown}
 I - a scroll of magic mapping {unknown}
 N - a scroll of enchant armour {unknown}
 P - a scroll of immolation {unknown}
Potions
 f - 2 potions of flight
 m - a potion of haste
 n - a potion of might {unknown}
 p - 2 potions of mutation
 q - a potion of heal wounds {unknown}
 r - 4 potions of curing
 v - a potion of degeneration {unknown}
 w - 2 potions of attraction
 H - a potion of berserk rage


   Skills:
 + Level 6.4 Fighting
 + Level 4.4 Short Blades
 + Level 4.4 Long Blades
 + Level 6.4 Axes
 + Level 4.4 Maces & Flails
 + Level 4.4 Polearms
 + Level 4.4 Staves
 + Level 4.4 Slings
 + Level 4.4 Bows
 + Level 4.4 Crossbows
 + Level 5.1 Throwing
 + Level 5.1 Armour
 + Level 6.4 Dodging
 + Level 4.4 Stealth
 + Level 4.4 Shields
 + Level 4.4 Unarmed Combat
 + Level 6.7 Spellcasting
 + Level 3.6 Conjurations
 + Level 3.6 Hexes
 + Level 3.6 Summonings
 + Level 3.6 Necromancy
 + Level 6.6 Translocations
 + Level 3.6 Transmutations
 + Level 3.6 Fire Magic
 + Level 3.6 Ice Magic
 + Level 3.6 Air Magic
 + Level 3.6 Earth Magic
 + Level 3.6 Poison Magic
 + Level 4.8 Invocations
 + Level 4.4 Evocations


You had 11 spell levels left.
You knew the following spells:

 Your Spells              Type           Power        Failure   Level
a - Blink                 Tloc           N/A          1%          2
b - Gell's Gravitas       Tloc           15%          3%          3
c - Teleport Other        Tloc           31%          3%          3
d - Wereblood             Tmut           20%          6%          2

Your spell library contained the following spells:

 Spells                   Type           Power        Failure   Level
 Lesser Beckoning         Tloc           15%          3%          3
 Beastly Appendage        Tmut           40%          4%          1
 Passage of Golubria      Tloc           N/A          12%         4
 Spider Form              Tmut/Pois      10%          13%         3
 Ice Form                 Ice/Tmut       20%          38%         4
 Blade Hands              Tmut           10%          75%         5


Dungeon Overview and Level Annotations

Branches:
Dungeon (8/15)             Temple (0/1) D:7
   Lair: D:8-11

Altars:
Elyvilon
Okawaru
Xom


Innate Abilities, Weirdness & Mutations

Your experience applies equally to all skills.
You have very sharp teeth.
Your uncanny sense of smell can sniff out nearby items.
Your mind is acute. (Int +2)
Your muscles are strong. (Str +2)


Message History

The two-headed ogre misses you. The two-headed ogre barely misses you.
Aiming: Random Effects
Press: ? - help, Shift-Dir - straight line, f/p - two-headed ogre
Aim: a two-headed ogre, wielding two +0 giant clubs (almost dead)
The puff of frost hits the two-headed ogre.
The two-headed ogre is almost dead.
The two-headed ogre barely misses you. x2
Casting: Gell's Gravitas (dangerous; 3% risk of failure)
Confirm with . or Enter, or press ? or * to list all spells.
Aiming: Gell's Gravitas (dangerous; 3% risk of failure)
Press: ? - help, Dir - move target, f/p - two-headed ogre
Aim: a two-headed ogre, wielding two +0 giant clubs (almost dead) Gravity reorients around the two-headed ogre.
The orc wizard collides with the two-headed ogre!
Unknown command.
You hit the two-headed ogre but do no damage.
The two-headed ogre is almost dead.
A gnoll shaman comes into view. It is wielding a +0 whip.
The two-headed ogre hits you with a +0 giant club!!
You die...

#. ##.#.# #.
#....# #. #....#
#.###....#####.#
.......#.....#
#####.#.#####.# .
#.....#......##...
#.##.#.#####...)..
# #.#..@Oo)......
#.##.##)#......
#.##.# ##...
#.##.# . #.##.#
#.##.# #.##.#
#g##.#


You could see a two-headed ogre, a gnoll shaman and an orc wizard (invisible).

Vanquished Creatures
  2 water moccasins (D:6)
  A sky beast (D:5)
  An orc warrior (D:8)
  3 ice beasts
  A phantom (D:7)
  4 ogres
  A centaur (D:6)
  A big kobold (D:6)
  3 bullfrogs
  3 scorpions
  A jelly (D:8)
  2 hounds
  3 bullfrog skeletons
  4 orc priests
  6 orc wizards
  An iguana (D:5)
  5 worker ants
  3 hound skeletons
  A worker ant zombie (D:5)
  6 adders
  10 gnolls
  A shadow imp (D:7)
  3 white imps
  An ufetubus (D:5)
  An adder skeleton (D:4)
  An adder zombie (D:5)
  2 worms (D:3)
  8 leopard geckos
  33 orcs
  7 giant cockroaches
  13 goblins
  11 hobgoblins
  9 jackals
  A quokka (D:6)
  2 ball pythons (D:3)
  12 bats
  5 frilled lizards
  16 kobolds
  A leopard gecko skeleton (D:5)
  A quokka zombie (D:5)
  4 rats
194 creatures vanquished.

Vanquished Creatures (others)
  A goblin (D:3)
  A kobold (D:3)
  3 plants
5 creatures vanquished.

Grand Total: 199 creatures vanquished

Notes
Turn   | Place    | Note
-------+----------+-------------------------------------------
     0 | D:1      | jlumianski the Gnoll Warper began the quest for the Orb.
     0 | D:1      | Reached XP level 1. HP: 20/20 MP: 6/6
   263 | D:1      | Reached XP level 2. HP: 24/26 MP: 7/7
   266 | D:1      | Learned a level 2 spell: Blink
   930 | D:2      | Reached XP level 3. HP: 28/31 MP: 7/9
   970 | D:2      | Learned a level 3 spell: Gell's Gravitas
   980 | D:2      | Reached skill level 5 in Spellcasting
  1117 | D:2      | Reached skill level 1 in Invocations
  1257 | D:2      | Found a faded altar of an unknown god.
  1419 | D:2      | Reached skill level 1 in Short Blades
  1419 | D:2      | Reached skill level 1 in Long Blades
  1419 | D:2      | Reached skill level 1 in Maces & Flails
  1419 | D:2      | Reached skill level 1 in Polearms
  1419 | D:2      | Reached skill level 1 in Staves
  1419 | D:2      | Reached skill level 1 in Slings
  1419 | D:2      | Reached skill level 1 in Bows
  1419 | D:2      | Reached skill level 1 in Crossbows
  1419 | D:2      | Reached skill level 1 in Stealth
  1419 | D:2      | Reached skill level 1 in Shields
  1419 | D:2      | Reached skill level 1 in Unarmed Combat
  1419 | D:2      | Reached skill level 1 in Evocations
  1579 | D:2      | Gained mutation: Your mind is acute. (Int +2) [potion of
                  | mutation]
  1579 | D:2      | Gained mutation: Your muscles are strong. (Str +2) [potion
                  | of mutation]
  1716 | D:2      | Reached XP level 4. HP: 38/38 MP: 11/11
  2079 | D:3      | Reached skill level 1 in Conjurations
  2079 | D:3      | Reached skill level 1 in Hexes
  2079 | D:3      | Reached skill level 1 in Summonings
  2079 | D:3      | Reached skill level 1 in Necromancy
  2079 | D:3      | Reached skill level 1 in Transmutations
  2079 | D:3      | Reached skill level 1 in Fire Magic
  2079 | D:3      | Reached skill level 1 in Ice Magic
  2079 | D:3      | Reached skill level 1 in Air Magic
  2079 | D:3      | Reached skill level 1 in Earth Magic
  2079 | D:3      | Reached skill level 1 in Poison Magic
  2216 | D:3      | Reached XP level 5. HP: 27/43 MP: 10/12
  2633 | D:3      | Found a white marble altar of Elyvilon.
  3237 | D:4      | Found an iron altar of Okawaru.
  3324 | D:4      | Reached XP level 6. HP: 25/50 MP: 13/13
  3717 | D:4      | Became a worshipper of Warmaster Okawaru
  3729 | D:4      | Reached skill level 5 in Fighting
  3729 | D:4      | Reached skill level 5 in Axes
  3729 | D:4      | Reached skill level 5 in Dodging
  4302 | D:4      | Learned a level 3 spell: Teleport Other
  4441 | D:4      | Reached XP level 7. HP: 52/56 MP: 15/15
  4716 | D:5      | Entered Level 5 of the Dungeon
  4862 | D:4      | Reached * piety under Okawaru
  5584 | D:5      | Reached XP level 8. HP: 15/63 MP: 12/16
  5916 | D:5      | Found a shimmering altar of Xom.
  6148 | D:6      | Reached ** piety under Okawaru
  6745 | D:6      | Reached XP level 9. HP: 53/69 MP: 18/18
  7600 | D:7      | Found a staircase to the Ecumenical Temple.
  7796 | D:7      | Learned a level 2 spell: Wereblood
  7818 | D:7      | Reached skill level 5 in Throwing
  7818 | D:7      | Reached skill level 5 in Armour
  8476 | D:8      | Reached *** piety under Okawaru
  8537 | D:8      | Noticed a two-headed ogre
  8555 | D:8      | Slain by a two-headed ogre

Illustrated notes

Levels and vault maps discovered:
D:1:      kennysheep_arrival_seaside, layout_basic, minivault_23
D:2:      layout_loops_ring, chequers_ecumenical_altar_island
D:3:      layout_loops_ring, elyvilon_altar_4
D:4:      layout_rooms, okawaru_metal_pillars_1_2
D:5:      minmay_bubble_buster, layout_gridville, marbit_many_paths
D:6:      layout_gridville, minmay_misc_feat_iff
D:7:      corexii_shack_village, layout_rooms, lemuel_temple_firewalk_b
D:8:      layout_loops_ring, st_stairs_2, hangedman_decor_peaks_small, uniq_grum

Skill      XL: |  1  2  3  4  5  6  7  8  9 |
---------------+----------------------------+-----
Spellcasting   | 5 6 |  6.7
Invocations    | 1 2 3 4 |  4.8
Short Blades   | 1 2 3 4 |  4.4
Long Blades    | 1 2 3 4 |  4.4
Maces & Flails | 1 2 3 4 |  4.4
Polearms       | 1 2 3 4 |  4.4
Staves         | 1 2 3 4 |  4.4
Slings         | 1 2 3 4 |  4.4
Bows           | 1 2 3 4 |  4.4
Crossbows      | 1 2 3 4 |  4.4
Stealth        | 1 2 3 4 |  4.4
Shields        | 1 2 3 4 |  4.4
Unarmed Combat | 1 2 3 4 |  4.4
Evocations     | 1 2 3 4 |  4.4
Conjurations   | 1 2 3 |  3.6
Hexes          | 1 2 3 |  3.6
Summonings     | 1 2 3 |  3.6
Necromancy     | 1 2 3 |  3.6
Transmutations | 1 2 3 |  3.6
Fire Magic     | 1 2 3 |  3.6
Ice Magic      | 1 2 3 |  3.6
Air Magic      | 1 2 3 |  3.6
Earth Magic    | 1 2 3 |  3.6
Poison Magic   | 1 2 3 |  3.6
Throwing       | 3 4 5 |  5.1
Armour         | 3 4 5 |  5.1
Fighting       | 5 6 |  6.4
Axes           | 5 6 |  6.4
Dodging        | 5 6 |  6.4
Translocations | 6 |  6.6

Action                   |  1- 3 |  4- 6 |  7- 9 || total
-------------------------+-------+-------+-------++-------
Melee: Hand axe          |   103 |   179 |    85 ||   367
       Bite              |     1 |    21 |    46 ||    68
       Scimitar          |       |       |   267 ||   267
 Fire: Hunting sling     |       |       |    34 ||    34
Throw: Stone             |    43 |    79 |    12 ||   134
       Dart              |       |     4 |     4 ||     8
       Javelin           |       |       |    12 ||    12
       Boomerang         |       |       |     2 ||     2
 Cast: Blink             |     1 |    11 |    12 ||    24
       Gell's Gravitas   |     1 |    15 |    46 ||    62
       Wereblood         |       |       |     7 ||     7
Invok: Heroism           |       |       |     1 ||     1
Evoke: Wand              |       |       |     6 ||     6
  Use: Potion            |     1 |     2 |     3 ||     6
       Scroll            |     1 |     4 |     3 ||     8
 Stab: Sleeping          |     2 |     3 |     2 ||     7
Armor: Leather armour    |    13 |    16 |     2 ||    31
       Ring mail         |       |       |    86 ||    86
Dodge: Dodged            |    80 |    95 |   234 ||   409
Block: Buckler           |     7 |    38 |    82 ||   127
       Rpst.: Scimitar   |       |       |    45 ||    45
